 Dungeon Crawl Stone Soup version 0.23.2-1-ga50397a6bc (webtiles) character file.

Game seed: 10309905251781733083

1197 Menchi the Shield-Bearer (level 8, 0/67 HPs)
             Began as a Gnoll Fighter on May 3, 2019.
             Was a Follower of Dithmenos.
             Slain by a hog (12 damage)
             ... on level 7 of the Dungeon.
             The game lasted 00:10:33 (5087 turns).

Menchi the Shield-Bearer (Gnoll Fighter)            Turns: 5087, Time: 00:10:34

Health: 0/67       AC:  4    Str: 21    XL:     8   Next: 44%
Magic:  12/12      EV: 14    Int: 10    God:    Dithmenos [*.....]
Gold:   283        SH:  0    Dex: 22    Spells: 13/13 levels left

rFire    . . .     SeeInvis .   a - +4 long sword
rCold    + . .     Gourm    .   (no shield)
rNeg     . . .     Faith    .   C - +0 leather armour of a bailey {*Contam rC+ MR- Dex+7}
rPois    .         Spirit   .   (no helmet)
rElec    .         Reflect  .   (no cloak)
rCorr    +         Harm     .   (no gloves)
MR       .....                  (no boots)
Stlth    +++.......             (no amulet)
HPRegen  0.21/turn              n - ring of resist corrosion
MPRegen  0.13/turn              (no ring)

@: wreathed by umbra
A: distributed training, fangs 1, strong nose
a: Renounce Religion


You were on level 7 of the Dungeon.
You worshipped Dithmenos.
Dithmenos was aware of your devotion.
You were hungry.

You visited 2 branches of the dungeon, and saw 8 of its levels.

You collected 283 gold pieces.

Inventory:

Hand Weapons
 a - a +4 long sword (weapon)
Armour
 p - a +3 large shield
 C - the +0 leather armour of a bailey (worn) {*Contam rC+ MR- Dex+7}
   (You found it on level 4 of the Dungeon)

   It affects your dexterity (+7).
   It protects you from cold.
   It affects your resistance to hostile enchantments.
   It causes magical contamination when unequipped.
Jewellery
 n - a ring of resist corrosion (left hand)
Wands
 d - a wand of disintegration (14)
 r - a wand of flame (16)
 v - a wand of paralysis (19)
 y - a wand of digging (7)
Scrolls
 b - a scroll of identify
 c - 4 scrolls of amnesia
 h - a scroll of fog {unknown}
 i - 4 scrolls of remove curse
 j - a scroll of magic mapping
 k - a scroll of blinking
 l - 2 scrolls of teleportation
Potions
 e - 3 potions of heal wounds
 m - 5 potions of flight
 o - 2 potions of curing
 q - a potion of brilliance
 u - a potion of haste
 w - a potion of lignification
 A - a potion of ambrosia {unknown}
 B - a potion of experience {unknown}
Comestibles
 f - 7 rations


   Skills:
 + Level 7.3 Fighting
 + Level 3.2 Short Blades
 + Level 5.6 Long Blades
 + Level 3.2 Axes
 + Level 3.2 Maces & Flails
 + Level 3.2 Polearms
 + Level 3.2 Staves
 + Level 3.2 Slings
 + Level 3.2 Bows
 + Level 3.2 Crossbows
 + Level 3.2 Throwing
 + Level 7.3 Armour
 + Level 3.2 Dodging
 + Level 3.2 Stealth
 + Level 7.3 Shields
 + Level 3.2 Unarmed Combat
 + Level 3.2 Spellcasting
 + Level 2.6 Conjurations
 + Level 2.6 Hexes
 + Level 2.6 Charms
 + Level 2.6 Summonings
 + Level 2.6 Necromancy
 + Level 2.6 Translocations
 + Level 2.6 Transmutations
 + Level 2.6 Fire Magic
 + Level 2.6 Ice Magic
 + Level 2.6 Air Magic
 + Level 2.6 Earth Magic
 + Level 2.6 Poison Magic
 + Level 3.5 Invocations
 + Level 3.2 Evocations


You had 13 spell levels left.
You didn't know any spells.
Your spell library was empty.

Dungeon Overview and Level Annotations

Branches:
Dungeon (7/15)             Temple (1/1) D:5

Altars:
Ashenzari
Cheibriados
Dithmenos
Elyvilon
Kikubaaqudgha
Makhleb
Nemelex Xobeh
Okawaru
Qazlal
Ru
Sif Muna
Trog
Uskayaw
Vehumet
Wu Jian
Xom
Zin

Shops:
D:4 !


Innate Abilities, Weirdness & Mutations

Your experience applies equally to all skills.
You have very sharp teeth.
Your uncanny sense of smell can sniff out nearby items.


Message History

The hog completely misses you.
You riposte.
You slash the hog!
The hog is moderately wounded.
You hit the hog.
The hog is moderately wounded.
You hit the human.
The human is heavily wounded.
The hog misses you. The human completely misses you.
You riposte.
You are feeling hungry.
You hit the human.
The human is heavily wounded.
The hog bites you.
* * * LOW HITPOINT WARNING * * *
The human hits you but does no damage.
You hit the human.
The human is severely wounded.
The hog bites you but does no damage. The human closely misses you.
You miss the human.
The human is severely wounded.
The hog bites you!
You die...

#%%#..########
#%.#..#......#####
#..'..######......
#..#..#####.......
#(.#..#......###..
##'#####.#......#..
#hhY##...###..#....
##p###........###..
#@h...##.##.......
#####.##.##.......
#.......######
####.######### #.#
#.....# #.# #......
####.# #......
#....# #......
#.#### #.....#


You could see a yak, 3 hogs and a human.

Vanquished Creatures
  A hungry ghost (D:7)
  A centaur (D:5)
  A bullfrog (D:7)
  A scorpion (D:5)
  2 crimson imps
  A bullfrog skeleton (D:7)
  3 hounds
  4 orc priests
  2 jellies (D:6)
  6 orc wizards
  Jessica (D:3)
  Ijyb (D:3)
  3 worker ants
  A howler monkey zombie (D:6)
  3 gnolls (D:4)
  5 adders
  A shadow imp (D:5)
  2 oozes
  An adder skeleton (D:4)
  5 leopard geckos
  35 orcs
  2 ball pythons
  6 bats
  A giant cockroach (D:1)
  6 goblins
  5 hobgoblins
  6 jackals
  5 kobolds
  2 quokkas
  10 frilled lizards
  9 rats
132 creatures vanquished.

Notes
Turn   | Place    | Note
-------+----------+-------------------------------------------
     0 | D:1      | Menchi the Gnoll Fighter began the quest for the Orb.
     0 | D:1      | Reached XP level 1. HP: 23/23 MP: 1/1
   107 | D:1      | Reached XP level 2. HP: 27/29 MP: 2/2
   615 | D:2      | Reached XP level 3. HP: 35/35 MP: 3/3
   938 | D:2      | Found a sparkling altar of Nemelex Xobeh.
   995 | D:2      | Reached skill level 1 in Invocations
  1106 | D:3      | Reached skill level 1 in Short Blades
  1106 | D:3      | Reached skill level 1 in Axes
  1106 | D:3      | Reached skill level 1 in Maces & Flails
  1106 | D:3      | Reached skill level 1 in Polearms
  1106 | D:3      | Reached skill level 1 in Staves
  1106 | D:3      | Reached skill level 1 in Slings
  1106 | D:3      | Reached skill level 1 in Bows
  1106 | D:3      | Reached skill level 1 in Crossbows
  1106 | D:3      | Reached skill level 1 in Throwing
  1106 | D:3      | Reached skill level 1 in Dodging
  1106 | D:3      | Reached skill level 1 in Stealth
  1106 | D:3      | Reached skill level 1 in Unarmed Combat
  1106 | D:3      | Reached skill level 1 in Spellcasting
  1106 | D:3      | Reached skill level 1 in Evocations
  1111 | D:3      | Reached XP level 4. HP: 41/41 MP: 5/5
  1147 | D:3      | Noticed Ijyb
  1152 | D:3      | Paralysed by Ijyb for 5 turns
  1166 | D:3      | Killed Ijyb
  1235 | D:3      | Noticed Jessica
  1241 | D:3      | Killed Jessica
  1241 | D:3      | Reached skill level 1 in Conjurations
  1241 | D:3      | Reached skill level 1 in Hexes
  1241 | D:3      | Reached skill level 1 in Charms
  1241 | D:3      | Reached skill level 1 in Summonings
  1241 | D:3      | Reached skill level 1 in Necromancy
  1241 | D:3      | Reached skill level 1 in Translocations
  1241 | D:3      | Reached skill level 1 in Transmutations
  1241 | D:3      | Reached skill level 1 in Fire Magic
  1241 | D:3      | Reached skill level 1 in Ice Magic
  1241 | D:3      | Reached skill level 1 in Air Magic
  1241 | D:3      | Reached skill level 1 in Earth Magic
  1241 | D:3      | Reached skill level 1 in Poison Magic
  1241 | D:3      | Reached XP level 5. HP: 47/47 MP: 6/6
  1311 | D:3      | Found a white marble altar of Elyvilon.
  1991 | D:4      | Reached XP level 6. HP: 37/53 MP: 8/8
  2086 | D:4      | Found a sparkling altar of Nemelex Xobeh.
  2143 | D:4      | Got a faintly humming leather armour
  2154 | D:4      | Identified the cursed +0 leather armour of a bailey
                  | {*Contam rC+ MR- Dex+7} (You found it on level 4 of the
                  | Dungeon)
  2177 | D:4      | Found Didebor's Distillery.
  2379 | D:4      | Found a hide-covered altar of Uskayaw.
  2383 | D:4      | Found a deep blue altar of Sif Muna.
  2387 | D:4      | Found a burning altar of Makhleb.
  2476 | D:5      | Entered Level 5 of the Dungeon
  2530 | D:5      | Reached skill level 5 in Long Blades
  2584 | D:5      | Reached XP level 7. HP: 38/59 MP: 10/10
  3038 | D:5      | Found a staircase to the Ecumenical Temple.
  3056 | Temple   | Entered the Ecumenical Temple
  3213 | Temple   | Became a worshipper of Dithmenos the Shadowed
  3846 | D:6      | Found a snail-covered altar of Cheibriados.
  4165 | D:7      | Noticed a hungry ghost
  4174 | D:7      | Reached XP level 8. HP: 32/67 MP: 12/12
  4582 | D:7      | Reached * piety under Dithmenos
  5073 | D:7      | Noticed a yak
  5087 | D:7      | Slain by a hog

Skill      XL: |  1  2  3  4  5  6  7  8 |
---------------+-------------------------+-----
Invocations    | 1 2 3 |  3.5
Short Blades   | 1 2 3 |  3.2
Axes           | 1 2 3 |  3.2
Maces & Flails | 1 2 3 |  3.2
Polearms       | 1 2 3 |  3.2
Staves         | 1 2 3 |  3.2
Slings         | 1 2 3 |  3.2
Bows           | 1 2 3 |  3.2
Crossbows      | 1 2 3 |  3.2
Throwing       | 1 2 3 |  3.2
Dodging        | 1 2 3 |  3.2
Stealth        | 1 2 3 |  3.2
Unarmed Combat | 1 2 3 |  3.2
Spellcasting   | 1 2 3 |  3.2
Evocations     | 1 2 3 |  3.2
Conjurations   | 1 2 |  2.6
Hexes          | 1 2 |  2.6
Charms         | 1 2 |  2.6
Summonings     | 1 2 |  2.6
Necromancy     | 1 2 |  2.6
Translocations | 1 2 |  2.6
Transmutations | 1 2 |  2.6
Fire Magic     | 1 2 |  2.6
Ice Magic      | 1 2 |  2.6
Air Magic      | 1 2 |  2.6
Earth Magic    | 1 2 |  2.6
Poison Magic   | 1 2 |  2.6
Long Blades    | 5 |  5.6
Fighting       | 7 |  7.3
Armour         | 7 |  7.3
Shields        | 7 |  7.3

Action                   |  1- 3 |  4- 6 |  7- 9 || total
-------------------------+-------+-------+-------++-------
Melee: Long sword        |    81 |   190 |   167 ||   438
       Bite              |     4 |    26 |    37 ||    67
       Punch             |       |       |     4 ||     4
  Use: Scroll            |       |    16 |     3 ||    19
       Potion            |       |     2 |       ||     2
 Stab: Sleeping          |       |     1 |     5 ||     6
  Eat: Chunk             |       |     6 |     7 ||    13
       Ration            |       |       |     1 ||     1
Armor: Scale mail        |    21 |    32 |       ||    53
       Leather armour    |       |     3 |    26 ||    29
Dodge: Dodged            |    20 |    35 |   117 ||   172
Block: Shield            |    29 |       |       ||    29
       Large shield      |    17 |   192 |    48 ||   257
       Rpst.: Long sword |     6 |    13 |    40 ||    59
